 Dungeon Crawl Stone Soup version 0.27-a0-1065-ge809cff456 (webtiles) character file.

Game seed: 6508574165466588863

1045 vhaine the Frost Mage (level 8, 0/52 HPs)
             Began as a Merfolk Ice Elementalist on Apr 22, 2021.
             Slain by a phantom (2 damage)
             ... on level 5 of the Dungeon.
             The game lasted 00:32:51 (7156 turns).

vhaine the Frost Mage (Merfolk Ice Elementalist)    Turns: 7156, Time: 00:32:51

Health: 0/52       AC:  4    Str:  8    XL:     8   Next: 25%
Magic:  11/11      EV: 12    Int: 16    God:
Gold:   221        SH:  0    Dex: 15    Spells: 4/11 levels left

rFire    . . .     SeeInvis .   y - +0 trident
rCold    . . .     Faith    .   (no shield)
rNeg     . . .     Spirit   .   a - +0 robe
rPois    .         Reflect  .   e - +0 helmet
rElec    .         Harm     .   o - scarf {repulsion}
rCorr    .         Rampage  .   (no gloves)
Will     .....                  q - +0 pair of boots
Stlth    ++........             (no amulet)
HPRegen  0.17/turn              (no ring)
MPRegen  0.12/turn              (no ring)

@: hasted, repel missiles, very quick
A: (nimble swimmer 2), mertail
a: no special abilities


You were on level 5 of the Dungeon.
You visited 1 branch of the dungeon, and saw 5 of its levels.
You also visited: Sewer.

You collected 221 gold pieces.

Inventory:

Hand Weapons
 y - a +0 trident (weapon)
Armour
 a - a +0 robe (worn)
 e - a +0 helmet (worn)
 o - a scarf of repulsion (worn)
 q - a +0 pair of boots (worn)
 v - a +0 helmet
Magical Staves
 l - a staff of poison
Jewellery
 d - a ring of flight
Wands
 t - a wand of flame (11)
Scrolls
 b - 3 scrolls of identify
 c - a scroll of acquirement {unknown}
 h - a scroll of vulnerability {unknown}
 i - 3 scrolls of teleportation {unknown}
 j - a scroll of holy word {unknown}
 k - 3 scrolls of fog {unknown}
 n - a scroll of fear {unknown}
 p - a scroll of magic mapping
 u - a scroll of blinking {unknown}
 x - a scroll of enchant armour {unknown}
Potions
 g - a potion of attraction
 m - a potion of haste
 r - a potion of ambrosia {unknown}
 s - a potion of berserk rage {unknown}
 w - a potion of flight {unknown}
 z - a potion of magic


   Skills:
 + Level 8.7 Polearms
 - Level 2.6 Dodging
 - Level 2.1 Stealth
 - Level 2.0 Spellcasting
 - Level 9.0 Ice Magic


You had 4 spell levels left.
You knew the following spells:

 Your Spells              Type           Power      Damage    Failure   Level
a - Freeze                Ice            100%       1d11      1%          1
b - Frozen Ramparts       Ice            60%        1d8       1%          3
c - Ozocubu's Armour      Ice            30%        N/A       1%          3

Your spell library contained the following spells:

 Spells                   Type           Power      Damage    Failure   Level
 Animate Skeleton         Necr           2%         N/A       21%         1
 Pain                     Necr           4%         1d4       21%         1
 Summon Small Mammal      Summ           4%         N/A       21%         1
 Call Imp                 Summ           1%         N/A       30%         2
 Hailstorm                Conj/Ice       16%        3d6       32%         4
 Summon Ice Beast         Ice/Summ       16%        N/A       32%         4
 Call Canine Familiar     Summ           1%         N/A       52%         3
 Summon Guardian Golem    Hex/Summ       1%         N/A       52%         3
 Vampiric Draining        Necr           0%         2d6       52%         3
 Animate Dead             Necr           0%         N/A       90%         4
 Summon Lightning Spire   Summ/Air       1%         N/A       90%         4
 Metabolic Englaciation   Hex/Ice        8%         N/A       65%         5
 Agony                    Necr           1%         N/A       99%         5


Dungeon Overview and Level Annotations

Branches:
Dungeon (5/15)             Temple (0/1) D:5           Sewer (visited)

Altars:

Shops:
D:3 =

Annotations:
D:2 1 runed translucent door, Crazy Yiuf
D:4 3 runed translucent doors, CowFu's ghost, amateur DrTm


Innate Abilities, Weirdness & Mutations

((You are quick and stealthy near water. (Stealth+, EV+, Speed+++)))
Your lower body shifts to a powerful aquatic tail in water.


Message History

You miss the phantom.
The phantom is almost destroyed.
The phantom closely misses you. The orc priest misses you.
You hit the orc priest but do no damage.
The orc priest is lightly wounded.
The phantom hits you.
* * * LOW HITPOINT WARNING * * *
The phantom blinks!
You blink.
You feel better. The phantom completely misses you.
You barely miss the phantom.
The phantom is almost destroyed.
The phantom hits you.
You closely miss the phantom.
The phantom is almost destroyed.
The orc priest barely misses you. The phantom closely misses you.
Casting: Ozocubu's Armour (safe; 1% risk of failure)
Confirm with . or Enter, or press ? or * to list all spells.
Aiming: Freeze (safe; 1% risk of failure)
Press: ? - help, Shift-Dir - straight line, f/p - phantom
Aim: a phantom (almost destroyed)
You freeze the phantom.
The phantom resists.
The phantom is almost destroyed.
The orc priest completely misses you. The phantom hits you.
* * * LOW HITPOINT WARNING * * *
The phantom blinks!
You blink.
The phantom hits you.
* * * LOW HITPOINT WARNING * * *
You barely miss the phantom.
The phantom is almost destroyed.
You barely miss the phantom.
The phantom is almost destroyed.
The phantom hits you!
* * * LOW HITPOINT WARNING * * *
The phantom blinks!
You blink.
It was a potion of haste.
You feel yourself speed up. The phantom hits you.
* * * LOW HITPOINT WARNING * * *
Okay, then.
It was a potion of magic.
Magic courses through your body. The phantom hits you.
You die...

####### ##.....## ##.....§.##
###### #.........###....#
#.@..o...........#
#W.........##[...# ##
###......[...####.##
.############..........(## #.#
o>W...........#######..### ##.###
#######.......#≈≈≈≈≈#....###.....
.#### #.......'≈≈.≈≈#....).......
....###.......#≈≈≈≈≈#..)####.....
..#...........#######............


You could see a phantom and an orc priest.

Vanquished Creatures
  A water moccasin (D:5)
  An ice beast (D:5)
  An orc warrior (D:5)
  A black bear (D:5)
  An ogre (D:5)
  2 bullfrogs (Sewer)
  A scorpion (D:4)
  An orc priest (D:5)
  Jessica (D:2)
  An orc wizard (D:5)
  A scorpion zombie (D:5)
  A hound skeleton (D:4)
  8 adders
  4 gnolls (D:4)
  A worm (D:3)
  2 dart slugs
  12 orcs
  19 endoplasms
  17 giant cockroaches
  A goblin (D:1)
  8 hobgoblins
  10 jackals
  2 kobolds (D:4)
  14 quokkas
  20 ball pythons
  6 bats
  9 frilled lizards
  A jackal skeleton (D:4)
  2 rats
149 creatures vanquished.

Vanquished Creatures (others)
  2 fungi (D:2)
2 creatures vanquished.

Grand Total: 151 creatures vanquished

Notes
Turn   | Place    | Note
-------+----------+-------------------------------------------
     0 | D:1      | vhaine the Merfolk Ice Elementalist began the quest for the
                  | Orb.
     0 | D:1      | Reached XP level 1. HP: 13/13 MP: 3/3
   250 | D:1      | Reached XP level 2. HP: 19/19 MP: 1/5
   409 | D:1      | Found a faded altar of an unknown god.
   474 | D:1      | Reached skill level 5 in Ice Magic
  1286 | D:1      | Reached XP level 3. HP: 24/24 MP: 4/6
  1978 | D:2      | Found a runed translucent door.
  1979 | D:2      | Noticed Crazy Yiuf
  2240 | D:2      | Noticed Jessica
  2245 | D:2      | Killed Jessica
  2246 | D:2      | Reached skill level 6 in Ice Magic
  2246 | D:2      | Reached XP level 4. HP: 30/30 MP: 3/7
  2396 | D:3      | Learned a level 3 spell: Frozen Ramparts
  2400 | D:3      | Learned a level 3 spell: Ozocubu's Armour
  2558 | D:3      | Found Jianom's Jewellery Emporium.
  3566 | D:4      | Found a runed translucent gate.
  3566 | D:4      | Found a runed translucent gate.
  3567 | D:4      | Found a runed translucent gate.
  3713 | D:4      | Noticed a scorpion
  3721 | D:4      | Killed a scorpion
  3722 | D:4      | Reached skill level 7 in Ice Magic
  3722 | D:4      | Reached XP level 5. HP: 23/35 MP: 3/8
  4799 | D:4      | Reached XP level 6. HP: 32/41 MP: 2/9
  5013 | D:4      | Noticed CowFu's ghost (amateur DrTm)
  5026 | D:5      | Entered Level 5 of the Dungeon
  5026 | D:5      | Noticed a water moccasin
  5064 | D:5      | Found a staircase to the Ecumenical Temple.
  5085 | D:5      | Reached skill level 8 in Ice Magic
  5091 | D:5      | Noticed a black bear
  5100 | D:5      | Found a glowing drain.
  5107 | D:5      | Noticed an orc warrior
  5119 | D:5      | Killed a water moccasin
  5120 | D:5      | Reached XP level 7. HP: 46/46 MP: 4/10
  5168 | D:5      | Reached skill level 9 in Ice Magic
  5370 | Sewer    | Entered a sewer
  5904 | Sewer    | Reached skill level 5 in Polearms
  6636 | D:5      | Reached XP level 8. HP: 52/52 MP: 7/11
  7155 | D:5      | HP: 1/52 [phantom (6)]
  7156 | D:5      | Slain by a phantom

Illustrated notes

Levels and vault maps discovered:
D:1:      lightli_arrival_isolated_outpost, layout_basic,
          chequers_ecumenical_altar_island, minmay_misc_feat_chi,
          minmay_strange_pillars, serial_park_tiny_1
D:2:      layout_rooms, uniq_crazy_yiuf_cottage, uniq_jessica
D:3:      layout_loops_ring, serial_shops, shop, kennysheep_generic_room_4
D:4:      layout_gridville, ebering_ghost_rock_garden
D:5:      layout_rooms, minmay_temple_entry_crystal_x, gup_sewer_entry_glass,
          minmay_misc_feat_hallway, nicolae_underground_beach

Skill      XL: |  1  2  3  4  5  6  7  8 |
---------------+-------------------------+-----
Ice Magic      | 5 6 7 8 9 |  9.0
Polearms       | 7 8 |  8.7
Dodging        | |  2.6
Stealth        | |  2.1
Spellcasting   | |  2.0

Action                   |  1- 3 |  4- 6 |  7- 9 || total
-------------------------+-------+-------+-------++-------
Melee: Unarmed           |     2 |       |       ||     2
       Spear             |       |    60 |    10 ||    70
       Trident           |       |       |   147 ||   147
       Tailslap          |       |       |     6 ||     6
 Cast: Freeze            |    55 |    35 |    16 ||   106
       Frozen Ramparts   |       |     5 |    13 ||    18
       Ozocubu's Armour  |       |     4 |     6 ||    10
Evoke: Wand              |       |     3 |     4 ||     7
  Use: Scroll            |       |     2 |     2 ||     4
       Potion            |       |       |     6 ||     6
 Stab: Sleeping          |       |     1 |     6 ||     7
Armor: Robe              |     3 |    14 |    26 ||    43
Dodge: Dodged            |    29 |    44 |    93 ||   166
       Repelled          |       |     1 |       ||     1

Table legend: (Time is in decaauts)
 A = Elapsed time spent in this place.
 B = Non-inter-level travel time spent in this place.
 C = Inter-level travel time spent in this place.
 D = Time resting spent in this place.
 E = Time spent auto-exploring this place.
 F = Levels seen in this place.
 G = Mean time per level.
                   A        B        C        D        E       F      G
               +--------+--------+--------+--------+--------+-----+--------+
         Total |   7060 |   6931 |    129 |   2930 |   2719 |   6 | 1176.7 |
       Dungeon |   6070 |   5941 |    129 |   2209 |   2644 |   5 | 1214.0 |
         Sewer |    989 |    989 |      0 |    721 |     75 |   1 |  989.0 |
               +--------+--------+--------+--------+--------+-----+--------+

Top non-repeatable levels by time:
     D:4: 1648 daAuts
     D:1: 1516 daAuts
     D:5: 1043 daAuts
     D:3: 1038 daAuts
   Sewer: 989 daAuts
     D:2: 822 daAuts
